 Dungeon Crawl Stone Soup version 0.19.5 (webtiles) character file.

58 Denreik the Sneak (level 4, 0/35 HPs)
             Began as a Formicid Chaos Knight on Mar 15, 2017.
             Succumbed to a scorpion's poison
             ... on level 8 of the Dungeon.
             The game lasted 00:02:01 (123 turns).

Denreik the Sneak (Formicid Chaos Knight)            Turns: 123, Time: 00:02:02

Health: 0/35       AC:  7    Str: 21    XL:     4   Next: 21%
Magic:  4/4        EV: 11    Int: 12    God:    Xom [..*...]
Gold:   0          SH:  0    Dex: 11    Spells: 0 memorised, 3 levels left

rFire  . . .     SeeInvis +     a - +0 falchion (chaos)
rCold  . . .     Gourm    .     b - +2 leather armour
rNeg   . . .     Faith    .     (no shield)
rPois  .         Spirit   .     (helmet unavailable)
rElec  .         Reflect  .     (no cloak)
rCorr  .         Harm     .     e - +1 pair of gloves
MR     .....                    (no boots)
Stlth  ++........               (no amulet)
                                (no ring)
                                (no ring)

@: mighty, lethally poisoned (0 -> -6)
A: permanent stasis, dig shafts and tunnels, four strong arms, antennae 3
a: Dig, Shaft Self, Renounce Religion


You were on level 8 of the Dungeon.
You worshipped Xom.
You were a toy of Xom.
You were not hungry.

You visited 1 branch of the dungeon, and saw 5 of its levels.

Inventory:

Hand Weapons
 a - a +0 falchion of chaos (weapon)
Armour
 b - a +2 leather armour (worn)
 d - a +0 leather armour
 e - a +1 pair of gloves (worn)
Comestibles
 c - a bread ration
 f - a chunk of flesh


   Skills:
 - Level 3.2 Fighting
 - Level 3.0 Long Blades
 - Level 2.1 Armour
 - Level 0.8 Dodging
 + Level 4.6 Stealth


You had 3 spell levels left.
You didn't know any spells.

Dungeon Overview and Level Annotations

Branches:
Dungeon (2/15)

Altars:


Innate Abilities, Weirdness & Mutations

You are under a permanent stasis effect.
You can dig through walls and to a lower floor.
Your four strong arms can wield two-handed weapons with a shield.
You have a pair of large antennae on your head. (SInv)


Message History

You aren't carrying any potions.
Okay, then.
Are you sure you want to shaft yourself?
You feel quite a bit more hungry.
* * * LOW HITPOINT WARNING * * *
You feel sick.
You begin to dig a shaft.
You continue digging a shaft.
A shaft appears beneath you!
You fall through a shaft for 3 floors!
The shaft crumbles and collapses.
* * * LOW HITPOINT WARNING * * *
You feel sick.
Found 8 gold pieces.
You start eating the bread ration.
You continue eating.
* * * LOW HITPOINT WARNING * * *
You feel sick.
You continue eating.
You die...
Xom chortles!

# .. ###
..# ..#...#
##......#
#.......#
#@.......
#..$.....##
#.#........
#.#......##
# #......#
#+###..#
..# .#


There were no monsters in sight!

Vanquished Creatures
  A scorpion (D:5)
  A howler monkey skeleton (D:4)
  2 jackals (D:4)
4 creatures vanquished.

Notes
Turn   | Place    | Note
-------+----------+-------------------------------------------
     0 | D:1      | Denreik the Formicid Chaos Knight began the quest for the Orb.
     0 | D:1      | Reached XP level 1. HP: 18/18 MP: 1/1
    14 | D:1      | You fall through a shaft!
    17 | D:2      | You fall through a shaft for 2 floors!
    23 | D:4      | XOM: potion effect (agility)
    24 | D:4      | Reached skill level 1 in Stealth
    29 | D:4      | Reached skill level 2 in Stealth
    29 | D:4      | Reached XP level 2. HP: 19/24 MP: 2/2
    46 | D:4      | XOM: harmless Ice miscast
    85 | D:4      | You fall through a shaft!
    85 | D:5      | Entered Level 5 of the Dungeon
    99 | D:5      | Noticed a scorpion
   104 | D:5      | XOM: potion effect (might)
   109 | D:5      | XOM: harmless Ice miscast
   110 | D:5      | XOM: potion effect (curing)
   110 | D:5      | XOM: smoke on damage
   116 | D:5      | Killed a scorpion
   116 | D:5      | Reached skill level 4 in Stealth
   116 | D:5      | Reached XP level 3. HP: 4/29 MP: 3/3
   116 | D:5      | Reached XP level 4. HP: 5/35 MP: 4/4
   120 | D:5      | You fall through a shaft for 3 floors!
   120 | D:8      | HP: 1/35 [poisoned by a scorpion]
   123 | D:8      | Succumbed to a scorpion's poison

Skill      XL: |  1  2 |
---------------+-------+-----
Stealth        | 2 4 |  4.6
Fighting       | |  3.2
Long Blades    | |  3.0
Armour         | |  2.1
Dodging        | |  0.8

Action                   |  1- 3 |  4- 6 || total
-------------------------+-------+-------++-------
Melee: Falchion          |    15 |       ||    15
 Abil: Shaft Self        |     3 |     1 ||     4
Armor: Leather armour    |     6 |       ||     6
Dodge: Dodged            |    10 |       ||    10
       Rpst.: Falchion   |     1 |       ||     1
